 Dungeon Crawl Stone Soup version 0.26.1-2-gb8aa6d0cf2 (webtiles) character file.

Game seed: 11876683086577043511

1038 funkygono the Conjurer (level 8, -3/46 HPs)
             Began as an Octopode Conjurer on Mar 12, 2021.
             Slain by a black bear (13 damage)
             ... on level 6 of the Dungeon.
             The game lasted 00:14:24 (6423 turns).

funkygono the Conjurer (Octopode Conjurer)          Turns: 6423, Time: 00:14:25

Health: -3/46      AC:  1    Str:  6    XL:     8   Next: 24%
Magic:  6/16       EV: 13    Int: 23    God:
Gold:   255        SH:  0    Dex: 10    Spells: 8/18 levels left

rFire    . . .     SeeInvis .   k - +2 long sword (holy)
rCold    . . .     Faith    .   (no shield)
rNeg     . . .     Spirit   .   (helmet restricted)
rPois    .         Reflect  .   (no amulet)
rElec    .         Harm     .   (no ring)
rCorr    .         Rampage  .   (no ring)
Will     .....                  (no ring)
Stlth    +++.......             (no ring)
HPRegen  0.15/turn              (no ring)
MPRegen  0.15/turn              (no ring)
                                (no ring)
                                (no ring)

@: no status effects
A: almost no armour, stealthy swim, amphibious, 8 rings, constrict 8, camouflage
1, gelatinous body 1
a: no special abilities


You were on level 6 of the Dungeon.
You visited 1 branch of the dungeon, and saw 6 of its levels.

You collected 255 gold pieces.

Inventory:

Hand Weapons
 e - a +1 dagger of speed
 h - a +0 whip
 k - a +2 long sword of holy wrath (weapon)
Wands
 l - a wand of enslavement (5)
Scrolls
 a - 4 scrolls of identify
 c - 4 scrolls of remove curse
 g - a scroll of amnesia
 j - a scroll of magic mapping
 m - 4 scrolls of teleportation
Potions
 b - 3 potions of might
 d - a potion of heal wounds
 f - a potion of flight


   Skills:
 + Level 2.2 Dodging
 + Level 3.8 Stealth
 * Level 5.7 Spellcasting
 * Level 7.5 Conjurations
 * Level 2.2 Hexes


You had 8 spell levels left.
You knew the following spells:

 Your Spells              Type           Power        Failure   Level
a - Magic Dart            Conj           100%         1%          1
b - Searing Ray           Conj           82%          1%          2
c - Dazzling Flash        Conj/Hex       58%          3%          3
d - Fulminant Prism       Conj/Hex       14%          12%         4

Your spell library contained the following spells:

 Spells                   Type           Power        Failure   Level
 Iskenderun's Mystic Bla  Conj/Tloc      23%          19%         4


Dungeon Overview and Level Annotations

Branches:
Dungeon (6/15)
 Temple: D:4-7

Altars:
Fedhas
Nemelex Xobeh
Wu Jian

Shops:
D:6 [


Innate Abilities, Weirdness & Mutations

You cannot wear most types of armour.
You are very stealthy in the water. (Stealth+)
You are amphibious.
You can wear up to eight rings at the same time.
You can use your tentacles to constrict eight enemies at once.
Your skin changes colour to match your surroundings (Stealth+).
Your rubbery body absorbs attacks. (AC +1, EV +1)


Message History

You kill the jackal!
The searing ray misses the black bear. (Press . to maintain the ray.)
The searing ray hits the black bear!
The black bear is moderately wounded.
The searing ray hits the black bear!
The black bear is heavily wounded.
The searing ray hits the black bear!
The black bear is almost dead.
You finish channeling your searing ray.
The black bear goes berserk!
Casting: Searing Ray (safe; 1% risk of failure)
Confirm with . or Enter, or press ? or * to list all spells.
Aiming: Searing Ray (safe; 1% risk of failure)
Press: ? - help, Shift-Dir - straight line, f - black bear
Aim: a black bear (almost dead, berserk, 13% to evade)
The searing ray hits the black bear!
The black bear is almost dead. (Press . to maintain the ray.)
The black bear bites you!
You die...

#.# #.#
#.#
#######
#.#
#.....#
#.#
#.###.#
#.# #.#
#.# #.#
#.# #.#
#.# #@#
#∩# #.#
#h# #.#
#.# . #.#
#.######.#
h. #.#
#........#
.(. #.#
##########
.... #.#
.>hh. #.#
......##(#
..h..h)..#


You could see a black bear (berserk).

Vanquished Creatures
  A phantom (D:4)
  2 ice beasts
  A centaur (D:6)
  Blork the orc (D:4)
  2 centaur skeletons
  2 jellies (D:5)
  A hound (D:5)
  Jessica (D:5)
  An iguana (D:5)
  2 worker ants (D:4)
  2 orc wizards (D:5)
  A hound skeleton (D:2)
  10 adders
  4 gnolls (D:5)
  A shadow imp (D:5)
  2 white imps (D:5)
  2 ufetubi
  3 oozes
  An adder skeleton (D:3)
  5 worms
  2 dart slugs
  7 leopard geckos
  5 orcs
  13 bats
  7 giant cockroaches
  7 goblins
  5 hobgoblins
  8 jackals
  A quokka (D:2)
  A ball python (D:3)
  6 frilled lizards
  A jackal skeleton (D:5)
  7 kobolds
  A quokka skeleton (D:5)
  9 rats
125 creatures vanquished.

Notes
Turn   | Place    | Note
-------+----------+-------------------------------------------
     0 | D:1      | funkygono the Octopode Conjurer began the quest for the
                  | Orb.
     0 | D:1      | Reached XP level 1. HP: 11/11 MP: 3/3
   198 | D:1      | Reached XP level 2. HP: 12/17 MP: 0/5
   252 | D:1      | Learned a level 2 spell: Searing Ray
   893 | D:1      | Reached XP level 3. HP: 21/21 MP: 2/6
  1119 | D:2      | Learned a level 3 spell: Dazzling Flash
  1339 | D:2      | Reached skill level 5 in Conjurations
  1536 | D:1      | Reached XP level 4. HP: 27/27 MP: 2/7
  2352 | D:2      | Reached XP level 5. HP: 31/31 MP: 3/9
  3360 | D:3      | Found an ornate altar of the Wu Jian Council.
  3902 | D:4      | Found a blossoming altar of Fedhas.
  3976 | D:4      | Noticed a phantom
  3984 | D:4      | Killed a phantom
  3985 | D:4      | Reached skill level 6 in Conjurations
  3985 | D:4      | Reached XP level 6. HP: 29/36 MP: 2/11
  4069 | D:4      | Reached skill level 1 in Hexes
  4209 | D:4      | Noticed an ice beast
  4217 | D:4      | Killed an ice beast
  4333 | D:4      | Noticed Blork the orc
  4349 | D:4      | Killed Blork the orc
  4350 | D:4      | Reached XP level 7. HP: 25/41 MP: 6/13
  4973 | D:5      | Entered Level 5 of the Dungeon
  5370 | D:5      | Reached skill level 5 in Spellcasting
  5390 | D:5      | Reached skill level 7 in Conjurations
  5798 | D:5      | Reached XP level 8. HP: 46/46 MP: 7/16
  6301 | D:5      | Found a sparkling altar of Nemelex Xobeh.
  6301 | D:5      | Noticed Jessica
  6304 | D:5      | Killed Jessica
  6334 | D:5      | Learned a level 4 spell: Fulminant Prism
  6377 | D:6      | Found Huanit's Armour Boutique.
  6423 | D:6      | Slain by a black bear

Illustrated notes

Levels and vault maps discovered:
D:1:      heliophobic_arrival_dark_side_of_the_moon, layout_basic
D:2:      layout_basic, kennysheep_doodads
D:3:      layout_loops_ring, lemuel_doored_altar
D:4:      layout_cave_pods, marbit_many_paths, uniq_blork_the_orc
D:5:      minmay_chambers_of_threes, layout_rooms,
          nicolae_overflow_hidden_temple, nemelex_lonely_heart_becter
D:6:      layout_basic, gammafunk_ghost_split, serial_shops, shop,
          chequers_decorated_corner, sword_in_stone, uniq_crazy_yiuf_cottage,
          uniq_edmund

Skill      XL: |  1  2  3  4  5  6  7 |
---------------+----------------------+-----
Conjurations   | 5 6 7 |  7.5
Stealth        | 3 |  3.8
Spellcasting   | 3 4 5 |  5.7
Hexes          | 1 2 |  2.2
Dodging        | |  2.2

Action                   |  1- 3 |  4- 6 |  7- 9 || total
-------------------------+-------+-------+-------++-------
Melee: Mace              |       |     3 |       ||     3
       Dagger            |       |     1 |     8 ||     9
       Constrict         |       |     1 |     1 ||     2
       Tentacles         |       |     1 |       ||     1
 Cast: Magic Dart        |    64 |    86 |    77 ||   227
       Searing Ray       |     3 |    15 |    16 ||    34
       Dazzling Flash    |       |     1 |       ||     1
  Use: Scroll            |     2 |     4 |     5 ||    11
       Potion            |       |       |     1 ||     1
Armor: Skin              |       |       |     3 ||     3
Dodge: Dodged            |     8 |     4 |    16 ||    28
       Rpst.: Long sword |       |       |     1 ||     1
